 Dungeon Crawl Stone Soup version 0.30-a0-1160-g6e42c06551 (webtiles) character file.

Game seed: 13108337532363015026

4074 jimonade the Magician (level 10, 0/76 HPs)
             Began as a Mummy Monk on Apr 26, 2023.
             Slain by a flying skull (3 damage)
             ... on level 1 of the Abyss.
             The game lasted 00:24:19 (8323 turns).

jimonade the Magician (Mummy Monk)                  Turns: 8323, Time: 00:24:20

Health: 0/76       AC: 12    Str: 14    XL:     10   Next: 5%
Magic:  21/21      EV:  8    Int: 14    God:
Gold:   533        SH:  0    Dex: 15    Spells: 24/24 levels left

rFire   . . .        a - +6 club (drain)
rCold   + . .        c - orb {light}
rNeg    + + +        H - +0 chain mail {rF+}
rPois   ∞            x - +1 helmet
rElec   .            (no cloak)
rCorr   +            (no gloves)
SInv    .            (no boots)
Will    +....        A - amulet of regeneration Stlth
                     v - ring of flight
HPRegen 1.12/turn    B - ring of resist corrosion
MPRegen 0.17/turn

%: faith
@: about to teleport, flying, glowing
A: cold resistance 1, negative energy resistance 3, torment resistance 2, heat
vulnerability 1, in touch with death 1, no potions, faith
a: no special abilities


You were on level 1 of the Abyss.
You visited 2 branches of the dungeon, and saw 9 of its levels.
You visited the Abyss 1 time.

You collected 533 gold pieces.

Inventory:

Hand Weapons
 a - a +6 club of draining (weapon)
 b - a +0 flail of protection
 g - a +0 mace
 h - a +0 rapier
 m - a +0 whip
 o - a +0 flail
 y - a +0 whip of freezing
 I - a +1 dagger of electrocution
 J - the +5 sling "Ecoisir" {heavy, rC+ Stlth+}
   (You found it on level 7 of the Dungeon)

   rC:        It protects you from cold.
   Stlth:     It makes you more stealthy.
Missiles
 i - 6 poisoned darts (quivered)
 n - 79 stones
 w - 6 curare-tipped darts
Armour
 c - an orb of light (worn)
 e - an orb of mayhem
 r - a +0 ring mail
 x - a +1 helmet (worn)
 C - a +0 kite shield
 E - a +0 leather armour
 G - a +3 chain mail
 H - a +0 chain mail of fire resistance (worn)
Jewellery
 q - an amulet of guardian spirit
 u - the amulet of Brilliance {RegenMP rF- Will+ Regen+}
   (You found it on level 3 of the Dungeon)

   [amulet of magic regeneration]

   It increases your rate of magic regeneration.
   rF:        It makes you vulnerable to fire.
   Regen:     It increases your rate of health regeneration.
   Will:      It increases your willpower.
 v - a ring of flight (left hand)
 A - an amulet of regeneration (around neck)
 B - a ring of resist corrosion (right hand)
Wands
 s - a wand of iceblast (9)
 t - a wand of quicksilver (6)
 D - a wand of flame (19)
 F - a wand of paralysis (20)
Scrolls
 d - a scroll of poison
 f - 6 scrolls of identify
 j - 3 scrolls of teleportation
 k - a scroll of noise
 p - a scroll of magic mapping


   Skills:
 + Level 6.2 Fighting
 + Level 7.1 Maces & Flails
 + Level 2.0 Throwing
 + Level 5.7 Armour
 + Level 4.1 Dodging
 * Level 7.6 Spellcasting
 + Level 1.1 Evocations


You had 24 spell levels left.
You didn't know any spells.
Your spell library contained the following spells:

 Spells                   Type           Power      Damage    Failure   Level
 Foxfire                  Conj/Fire      20%        2x1d5     88%         1
 Static Discharge         Conj/Air       10%        2-3/arc   95%         2
 Airstrike                Air            2%         2d(1-17)  100%        4
 Summon Lightning Spire   Summ/Air       5%         N/A       100%        4
 Fireball                 Conj/Fire      2%         3d4       100%        5
 Iskenderun's Battlesphe  Conj           5%         2d6       100%        5
 Iron Shot                Conj/Erth      2%         9d2       100%        6
 Plasma Beam              Fire/Air       2%         2x1d14    100%        6
 Starburst                Conj/Fire      2%         6d3       100%        6
 Spellforged Servitor     Conj/Summ      2%         N/A       100%        7


Dungeon Overview and Level Annotations

Branches:
Dungeon (8/15)             Temple (1/1) D:4            Lair (0/5) D:8

Altars:
Ashenzari
Cheibriados
Dithmenos
Fedhas
Hepliaklqana
Kikubaaqudgha
Makhleb
Nemelex Xobeh
Okawaru
Qazlal
Sif Muna
Trog
Uskayaw
Vehumet
Wu Jian
Xom

Shops:
D:6 =

Annotations:
D:2 1 runed translucent door, Crazy Yiuf
D:8 Psyche


Innate Abilities, Weirdness & Mutations

You are immune to poison.
Your flesh is cold resistant. (rC+)
You are immune to negative energy. (rN+++)
You are immune to unholy pain and torment.
You are vulnerable to heat. (rF-)
You are in touch with the powers of death.
You do not drink.
You have a special connection with the divine. (Faith)


Message History

As you read the scroll labelled YKEILO LOSADD, it crumbles to dust.
It is a scroll of brand weapon.
Your +6 club craves living souls!
a - a +6 club of draining The flying skull hits you but does no damage.
Your +0 flail of protection goes still.
You sense an unholy aura.
a - a +6 club of draining (weapon)
The flying skull hits you but does no damage.
You are too injured to fight recklessly!
You are too injured to fight recklessly!
You hit the flying skull.
The flying skull is moderately damaged.
The flying skull hits you but does no damage.
The flying skull hits you!
* * * LOW HITPOINT WARNING * * *
You sock the flying skull!
The flying skull is severely damaged.
The flying skull hits you but does no damage.
You sock the flying skull!
You destroy the flying skull!
Your Throwing skill increases to level 2!
You barely miss the flying skull. The flying skull hits you.
* * * LOW HITPOINT WARNING * * *
The flying skull barely misses you.
You hit the flying skull.
The flying skull is lightly damaged.
The flying skull hits you but does no damage.
You barely miss the flying skull.
The flying skull is lightly damaged.
The flying skull hits you.
* * * LOW HITPOINT WARNING * * *
The flying skull hits you but does no damage.
You hit the flying skull.
The flying skull is lightly damaged.
The flying skull hits you!
* * * LOW HITPOINT WARNING * * *
You closely miss the flying skull.
The flying skull is lightly damaged.
The flying skull hits you.
You die...

.#. # #
##.# # #
...##
.#☼.☼###.
. ..
☼#°§. # #
...##.#.
○.. .###
. . . .
#..##.○
.. .... .
##☼§°#z.#
.#. ..
##.Xz## .
# .. #
....#@# .
#.# ...#
##### . .
.. # #. #
... .#. #
.. ## ...
. .#.


You could see a large abomination and 2 flying skulls.

Vanquished Creatures
  Gastronok (D:8)
  Pikel (D:4)
  Prince Ribbit (D:5)
  A flying skull (Abyss:1)
  A shadow (Abyss:1)
  A black bear (D:7)
  A sky beast (D:7)
  An orc warrior (D:6)
  An ogre (D:7)
  A centaur (D:5)
  A bullfrog (D:7)
  A gnoll sergeant (D:7)
  3 scorpions
  12 killer bees
  2 howler monkeys
  4 orc priests
  A jelly (D:5)
  2 gnoll boudas
  A hound (D:4)
  Jessica (D:2)
  A sleepcap (D:5)
  An iguana (D:7)
  Ijyb (D:3)
  4 orc wizards
  14 gnolls
  9 adders
  A white imp (D:4)
  An ufetubus (D:4)
  3 worms
  A dart slug (D:2)
  17 orcs
  8 bats
  6 endoplasms
  4 giant cockroaches
  7 goblins
  5 hobgoblins
  3 jackals (D:1)
  5 quokkas
  13 ball pythons
  4 frilled lizards
  5 kobolds
  8 rats
159 creatures vanquished.

Vanquished Creatures (others)
  2 plants
2 creatures vanquished.

Grand Total: 161 creatures vanquished

Notes
Turn   | Place    | Note
-------+----------+-------------------------------------------
     0 | D:1      | jimonade the Mummy Monk began the quest for the Orb.
     0 | D:1      | Reached XP level 1. HP: 18/18 MP: 1/1
    72 | D:1      | Reached XP level 2. HP: 15/24 MP: 2/2
   735 | D:2      | Gained mutation: You are in touch with the powers of death.
                  | [Mummy growth]
   735 | D:2      | Reached XP level 3. HP: 27/29 MP: 3/3
   807 | D:2      | Found a runed translucent door.
   808 | D:2      | Noticed Crazy Yiuf
  1076 | D:2      | Noticed Jessica
  1085 | D:2      | Killed Jessica
  1086 | D:2      | Reached XP level 4. HP: 25/35 MP: 4/4
  2237 | D:3      | Noticed Ijyb
  2247 | D:3      | Killed Ijyb
  2248 | D:3      | Reached XP level 5. HP: 23/41 MP: 3/5
  2389 | D:3      | Identified the amulet of Brilliance {RegenMP rF- Will+
                  | Regen+}
  2653 | D:4      | Reached skill level 1 in Spellcasting
  3037 | D:4      | Noticed Pikel
  3039 | D:4      | Noticed a lemure
  3041 | D:4      | Noticed a lemure
  3049 | D:4      | Killed Pikel
  3050 | D:4      | Reached XP level 6. HP: 42/49 MP: 6/10
  3050 | D:4      | Reached XP level 7. HP: 47/55 MP: 6/11
  3222 | D:4      | You are sucked into a shaft and drop 1 floor!
  3222 | D:5      | Entered Level 5 of the Dungeon
  3376 | D:4      | Found a staircase to the Ecumenical Temple.
  3410 | Temple   | Entered the Ecumenical Temple
  3806 | D:5      | Noticed Prince Ribbit
  3810 | D:5      | Killed Prince Ribbit
  3811 | D:5      | Reached skill level 5 in Maces & Flails
  4189 | D:5      | Reached XP level 8. HP: 59/61 MP: 14/14
  4214 | D:5      | Found a hide-covered altar of Uskayaw.
  4303 | D:5      | Found a hazy altar of Hepliaklqana.
  4705 | D:6      | Found Awnesed's Jewellery Boutique.
  5124 | D:6      | Reached skill level 5 in Fighting
  5525 | D:7      | Reached skill level 5 in Spellcasting
  5721 | D:7      | Found a stormy altar of Qazlal.
  6188 | D:7      | Reached XP level 9. HP: 68/68 MP: 17/17
  6266 | D:7      | Found a burning altar of Makhleb.
  6690 | D:7      | Identified the +5 sling "Ecoisir" {heavy, rC+ Stlth+}
  7176 | D:8      | Reached skill level 5 in Armour
  7443 | D:8      | Found a sparkling altar of Nemelex Xobeh.
  7852 | D:8      | Found a staircase to the Lair.
  8052 | D:8      | Noticed Gastronok
  8093 | D:8      | HP: 3/69 [Gastronok/the air (28)]
  8111 | D:8      | Killed Gastronok
  8112 | D:8      | Reached skill level 1 in Throwing
  8112 | D:8      | Reached skill level 1 in Evocations
  8238 | D:8      | Noticed Psyche
  8249 | Abyss:1  | Cast into level 1 of the Abyss (Psyche)
  8270 | Abyss:1  | Reached XP level 10. HP: 72/76 MP: 21/21
  8322 | Abyss:1  | HP: 2/76 [flying skull (7)]
  8323 | Abyss:1  | Slain by a flying skull

Illustrated notes

Levels and vault maps discovered:
D:1:      lightli_arrival_chessboard, layout_rooms
D:2:      layout_loops_ring, minmay_door_square, st_stairs_1, uniq_jessica,
          uniq_crazy_yiuf_cottage
D:3:      layout_loops_ring, serial_forest, infiniplex_forest_clump_tiny,
          infiniplex_forest_clump_small, infiniplex_forest_clump_long,
          infiniplex_forest_clump_large, infiniplex_forest_lined_4_way,
          infiniplex_forest_clump_diagonal, infiniplex_forest_lined_2,
          infiniplex_forest_end_1, grunt_decor_junction, uniq_ijyb
D:4:      layout_basic, minmay_temple_entry_slanted, uniq_pikel
D:5:      layout_gridville, mainiacjoe_overflow_alcove_1, kennysheep_mini,
          minmay_tree_intersection, supply_closet_lemuel, uniq_prince_ribbit1
D:6:      layout_rooms, serial_shops, nicolae_shop_statue_plus
D:7:      layout_basic, nicolae_qazlal_beasts_of_the_sky, lemuel_tele_altar
D:8:      layout_gridville, mainiacjoe_overflow_alcove_4, dpeg_oklobed_lair,
          uniq_gastronok, uniq_psyche
Temple:   minmay_temple_curvy_branch
Abyss:1:  base:
D:1

Skill      XL: |  1  2  3  4  5  6  7  8  9 10 |
---------------+-------------------------------+-----
Dodging        | 3 4 |  4.1
Maces & Flails | 3 4 5 6 7 |  7.1
Spellcasting   | 3 4 5 7 |  7.6
Fighting       | 4 5 6 |  6.2
Armour         | 2 4 5 |  5.7
Throwing       | 1 2 |  2.0
Evocations     | 1 |  1.1

Action                     |  1- 3 |  4- 6 |  7- 9 | 10-12 || total
---------------------------+-------+-------+-------+-------++-------
  Melee: Mace              |   120 |       |       |       ||   120
         Club              |       |    85 |   366 |    11 ||   462
         Flail             |       |       |    41 |    14 ||    55
   Fire: Sling             |       |       |     1 |       ||     1
  Throw: Dart              |       |       |    26 |       ||    26
  Evoke: Wand              |       |     2 |     9 |       ||    11
    Use: Scroll            |       |       |       |     6 ||     6
 Armour: Robe              |    15 |       |       |       ||    15
         Chain mail        |    33 |    41 |   252 |    14 ||   340
         Ring mail         |       |     6 |       |       ||     6
  Dodge: Dodged            |    80 |    31 |   179 |    12 ||   302

Table legend: (Time is in decaauts)
 A = Elapsed time spent in this place.
 B = Non-inter-level travel time spent in this place.
 C = Inter-level travel time spent in this place.
 D = Time resting spent in this place.
 E = Time spent auto-exploring this place.
 F = Levels seen in this place.
 G = Mean time per level.
                   A        B        C        D        E       F      G
               +--------+--------+--------+--------+--------+-----+--------+
         Total |   8392 |   7546 |    846 |    336 |   4741 |  10 |  839.2 |
       Dungeon |   8055 |   7214 |    841 |    336 |   4497 |   8 | 1006.9 |
        Temple |    255 |    250 |      5 |      0 |    244 |   1 |  255.0 |
         Abyss |     82 |     82 |      0 |      0 |      0 |   1 |   82.0 |
               +--------+--------+--------+--------+--------+-----+--------+

Top non-repeatable levels by time:
     D:7: 1916 daAuts
     D:5: 1233 daAuts
     D:2: 1091 daAuts
     D:4: 957 daAuts
     D:3: 848 daAuts
     D:1: 744 daAuts
     D:8: 648 daAuts
     D:6: 614 daAuts
  Temple: 255 daAuts
 Abyss:1: 82 daAuts
